 Dungeon Crawl Stone Soup version 0.24.1-4-ge52af88ad5 (webtiles) character file.

Game seed: 15356355689771148685, levelgen mode: deterministic

91848 Ortigal the Fencer (level 15, -2/108 HPs)
             Began as a Demonspawn Abyssal Knight on Apr 20, 2020.
             Was a Priest of Lugonu.
             Killed from afar by a hellion (19 damage)
             ... with damnation
             ... on level 1 of the Abyss.
             The game lasted 02:34:40 (23263 turns).

Ortigal the Fencer (Demonspawn Abyssal Knight)     Turns: 23263, Time: 02:34:41

Health: -2/108     AC: 22    Str: 26      XL:     15   Next: 56%
Magic:  21/22      EV: 16    Int: 24      God:    Lugonu [***...]
Gold:   2407       SH:  0    Dex: 15 (16) Spells: 16/24 levels left

rFire    + . .     SeeInvis +   y - +10 great sword of Gluttony {slice, Fragile rElec rPois}
rCold    . . .     Gourm    .   (shield currently unavailable)
rNeg     + . .     Faith    .   V - +5 robe of Night {Dark MR+ SInv}
rPois    +         Spirit   .   o - +2 hat {SInv}
rElec    +         Reflect  .   x - +2 cloak {rF+}
rCorr    .         Harm     .   z - +2 pair of gloves
MR       ++...                  n - +2 pair of boots
Stlth    +++.......             O - amulet of regeneration
HPRegen  0.68/turn              F - ring "Zewarch" {rElec rN+ Str+4 Int+6}
MPRegen  0.18/turn              U - ring of Yhamawn {Str+4 Int+3 Dex+2}

@: about to teleport, drained
A: hooves 1, thin metallic scales 2, agile 1, deterioration 1, frail 1, foul
stench 1, powered by pain 3, electricity resistance, wild magic 1, evolution 1,
rot immunity
a: Depart the Abyss, Bend Space, Banish, Renounce Religion


You were on level 1 of the Abyss.
You worshipped Lugonu.
Lugonu was most pleased with you.
You were not hungry.

You visited 3 branches of the dungeon, and saw 23 of its levels.
You visited the Abyss 6 times.
You also visited: Sewer and Volcano.

You collected 2459 gold pieces.
You spent 52 gold pieces at shops.

Inventory:

Hand Weapons
 r - a +2 quick blade of flaming
 y - the +10 great sword of Gluttony (weapon) {slice, Fragile rElec rPois}
   (You found it on level 4 of the Dungeon)

   It inflicts extra damage upon your enemies.
   It insulates you from electricity.
   It protects you from poison.
   It will be destroyed if unequipped.
 K - a +7 great sword
 N - the +7 hand axe of the Abyss {pain, +Fly rC+ Int-5 Dex+3, unknown}
   (You found it on level 5 of the Lair of Beasts)

   In the hands of one skilled in necromantic magic, it inflicts extra damage on
   living creatures.
   It affects your intelligence (-5).
   It affects your dexterity (+3).
   It protects you from cold.
   It lets you fly.
 P - the +6 hunting sling of the Swamp {freeze, Str+4 Dex+4, unknown}
   (You found it on level 5 of the Dungeon)

   It causes projectiles fired from it to freeze those they strike, causing
   extra injury to most foes and up to half again as much damage against
   particularly susceptible opponents.
   They can also slow down cold-blooded creatures.
   It affects your strength (+4).
   It affects your dexterity (+4).
 T - a +0 shortbow of flaming
Missiles
 h - 10 boomerangs (quivered)
 p - 716 arrows
 H - 172 bolts
 I - 13 boomerangs of dispersal
 Q - 4 silver boomerangs
Armour
 a - the +0 robe of Uskayaw's Generosity {rElec Str+3}
   (You found it on level 9 of the Dungeon)

   It affects your strength (+3).
   It insulates you from electricity.
 e - +0 fire dragon scales
 g - +0 swamp dragon scales
 m - a +0 robe of the Archmagi
 n - a +2 pair of boots (worn)
 o - a +2 hat of see invisible (worn)
 x - a +2 cloak of fire resistance (worn)
 z - a +2 pair of gloves (worn)
 J - a +4 chain mail of positive energy
 V - the +5 robe of Night (worn) {Dark MR+ SInv}
   (You found it on level 8 of the Dungeon)

   It affects your resistance to hostile enchantments.
   It lets you see invisible.
Jewellery
 j - the ring "Xezaxutu" {*Drain rF+ MR+ EV+1}
   (You found it on level 15 of the Dungeon)

   [ring of evasion]

   It affects your evasion (+1).
   It protects you from fire.
   It affects your resistance to hostile enchantments.
   It causes draining when unequipped.
 C - an uncursed ring of flight
 F - the ring "Zewarch" (left hand) {rElec rN+ Str+4 Int+6}
   (You acquired it on level 9 of the Dungeon)

   [ring of strength]

   It affects your strength (+4).
   It affects your intelligence (+6).
   It insulates you from electricity.
   It protects you from negative energy.
 O - an amulet of regeneration (around neck)
 U - the ring of Yhamawn (right hand) {Str+4 Int+3 Dex+2}
   (You found it on level 15 of the Dungeon)

   [ring of intelligence]

   It affects your strength (+4).
   It affects your intelligence (+3).
   It affects your dexterity (+2).
Wands
 f - a wand of flame (26)
 v - a wand of disintegration (32)
 B - a wand of digging (27)
 S - a wand of scattershot (2)
 W - a wand of acid (17)
 X - a wand of paralysis (31)
 Z - a wand of polymorph (7)
Scrolls
 b - a scroll of blinking
 d - 27 scrolls of identify
 i - 14 scrolls of teleportation
 k - 7 scrolls of remove curse
 q - a scroll of magic mapping
 D - 4 scrolls of fog
 E - 8 scrolls of fear
 R - 5 scrolls of amnesia
Potions
 u - a potion of resistance
 w - 5 potions of curing
 G - 7 potions of haste
 M - 2 potions of flight
Miscellaneous
 A - a phial of floods (inert)
 L - a crystal ball of energy
Comestibles
 c - 35 rations


   Skills:
 + Level 12.3(10.9) Fighting
 + Level 17.1(15.6) Long Blades
 + Level 5.7(4.6) Throwing
 + Level 5.7(4.5) Armour
 + Level 7.8(6.5) Dodging
 + Level 5.4(4.2) Stealth
 + Level 0.2(0.0) Unarmed Combat
 + Level 5.2(4.0) Spellcasting
 + Level 1.2(0.2) Conjurations
 + Level 3.2(2.1) Hexes
 + Level 3.6(2.5) Summonings
 + Level 7.7(6.4) Invocations
 + Level 1.9(0.9) Evocations


You had 16 spell levels left.
You knew the following spells:

 Your Spells              Type           Power        Failure   Level  Hunger
a - Corona                Hex            ###....      7%          1    None
b - Slow                  Hex            ###.....     10%         2    #......
c - Dazzling Spray        Conj/Hex       ##....       26%         3    ##.....
d - Call Imp              Summ           ###.....     9%          2    #......

Your spell library contained the following spells:

 Spells                   Type           Power        Failure   Level  Hunger
 Confusing Touch          Hex            ###...       7%          1    None
 Magic Dart               Conj           #...         13%         1    None
 Beastly Appendage        Tmut           #.....       14%         1    None
 Ensorcelled Hibernation  Hex/Ice        ##....       14%         2    #......
 Confuse                  Hex            ###.....     17%         3    ##.....
 Tukima's Dance           Hex            ###.....     17%         3    ##.....
 Blink                    Tloc           N/A          21%         2    #......
 Sticks to Snakes         Tmut           #.......     21%         2    #......
 Inner Flame              Hex/Fire       ##......     26%         3    ##.....
 Portal Projectile        Hex/Tloc       ##....       26%         3    ##.....
 Conjure Flame            Conj/Fire      #.......     36%         3    ##.....
 Gell's Gravitas          Tloc           #.........   36%         3    ##.....
 Mephitic Cloud           Conj/Pois/Air  #.......     36%         3    ##.....
 Spider Form              Tmut/Pois      #.........   36%         3    ##.....
 Cause Fear               Hex            ###.......   45%         4    ####...
 Leda's Liquefaction      Hex/Erth       ##........   61%         4    ####...
 Ice Form                 Ice/Tmut       #.......     75%         4    ####...
 Petrify                  Tmut/Erth      #.......     75%         4    ####...
 Metabolic Englaciation   Hex/Ice        ##........   90%         5    ######.
 Yara's Violent Unravell  Hex/Tmut       ##........   90%         5    ######.
 Blade Hands              Tmut           #.........   97%         5    ######.


Dungeon Overview and Level Annotations

Branches:
Dungeon (15/15)            Temple (0/1) D:4            Lair (6/6) D:11
 Shoals (0/4) Lair:2       Spider (0/4) Lair:3        Slime (0/5) Lair:5
    Orc (2/2) D:9             Elf (0/3) Orc:2        Vaults (0/5) D:14
 Depths (0/5) D:15          Sewer (visited)         Volcano (visited)

Altars:
Ashenzari
Gozag
Makhleb
Ru
Sif Muna
Trog
Wu Jian
The Shining One
Beogh
Jiyva

Shops:
D:5 }   D:6 *   D:8 %?   D:13 %   Orc:1 [   Orc:2 ((%(:

Annotations:
Lair:2 exclusion: 2 oklob plants
Lair:6 1 runed translucent door


Innate Abilities, Weirdness & Mutations

You are mostly covered in thin metallic scales. (AC +3)
You may emit foul miasma when damaged in melee.
You are powered by pain.
You are immune to rotting.
You have large cloven feet.
You are agile. (Dex +2)
Your body sometimes deteriorates upon taking damage.
You are frail. (-10% HP)
You are resistant to electric shocks. (rElec)
Your spells are a little harder to cast, but a little more powerful.
You evolve.


Message History

The sphere of damnation explodes!
The damnation engulfs you!!
The damnation engulfs the hellion.
The hellion completely resists.
You closely miss the hellion. The hellion barely misses you.
You hit the hellion.
The hellion is lightly wounded.
The hellion hits you!
* * * LOW HITPOINT WARNING * * *
You feel better. The hellion gestures at you.
The sphere of damnation explodes!
The damnation engulfs you!!
* * * LOW HITPOINT WARNING * * *
Your body deteriorates!
You feel clumsy.
The damnation engulfs the hellion.
The hellion completely resists.
Space bends sharply around you!
You blink.
As you read the scroll of teleportation, it crumbles to dust.
You feel strangely unstable.
You feel the power of the Abyss delaying your translocation!
The hellion gestures at you.
The sphere of damnation explodes!
The damnation engulfs you!!
You die...

.. .. ... . .#
..... .#.##
..##.##.#.#
......#...#
........#....@# #
.....#.......#..#
#..........2.......
............≈..##.
#.....(.#...##
#.......#..#
###'#....#..#
#...##. ....#
#....'.. .


You could see a hellion.

Vanquished Creatures
  Gastronok (D:8)
  A frost giant (D:15)
  A yaktaur captain (D:15)
  2 fire dragons
  A great orb of eyes (D:15)
  A rakshasa (D:15)
  3 hydras
  3 vault guards (D:15)
  Fannar (Orc:1)
  The ghost of Ortigal the Fighter, a journeyman DsAK of Lugonu (D:12)
  A death knight (D:12)
  3 centaur warriors
  A two-headed ogre (D:14)
  A hell hog (Volcano)
  A deep troll shaman (D:15)
  2 ogre magi
  4 tengu warriors
  3 orc high priests
  A thrashing horror (Abyss:1)
  Nergalle (D:12)
  5 unseen horrors
  A swamp dragon (Lair:6)
  A phantasmal warrior (D:12)
  Pikel (D:4)
  2 orc knights
  A deep elf mage (D:15)
  2 lindwurms (Lair:6)
  6 orc sorcerers
  3 ugly things
  3 oklob plants
  A manticore (D:9)
  4 cyclopes
  3 black mambas
  2 centaur zombies
  Maurice (Orc:2)
  5 torpor snails (Lair:6)
  A molten gargoyle (Volcano)
  3 gargoyles
  10 spiny frogs
  5 rime drakes
  7 komodo dragons
  5 kobold demonologists
  2 freezing wraiths (D:12)
  3 yaktaurs (D:14)
  8 trolls
  An ancient zyme (Abyss:1)
  A polar bear (Lair:5)
  9 hornets
  3 tyrant leeches (Lair:6)
  7 slime creatures (D:13)
  Grinder (D:6)
  2 blink frogs (Lair:5)
  9 hippogriffs
  A wraith (D:9)
  A vampire (D:9)
  5 wyverns
  49 yaks
  2 basilisks
  Eustachio (D:6)
  4 hogs (D:9)
  2 hungry ghosts
  6 fire bats (Volcano)
  A human (D:9)
  A vampire mosquito (D:15)
  Menkaure (D:5)
  8 steam dragons
  Edmund (D:6)
  3 wargs
  A small abomination (Abyss:1)
  An acid dragon (D:15)
  10 water moccasins
  Duvessa (D:5)
  2 hell hounds (Volcano)
  9 porcupines
  2 floating eyes (D:15)
  33 orc warriors
  3 eyes of draining
  2 black bears
  2 phantoms (D:7)
  A necrophage (D:7)
  5 ice beasts
  A boggart (D:14)
  16 ogres
  18 centaurs
  6 wolves (Lair:3)
  13 crocodiles
  15 big kobolds
  23 bullfrogs
  2 wyvern zombies
  Blork the orc (D:4)
  Dowan (D:5)
  2 wyvern skeletons
  6 scorpions
  15 wights
  16 killer bees
  6 howler monkeys
  8 crimson imps
  A quasit (D:11)
  5 starcursed masses (Abyss:1)
  5 lava snakes (Volcano)
  5 bullfrog zombies
  9 hounds
  4 jellies
  4 bullfrog skeletons
  23 orc priests
  37 orc wizards
  6 centaur skeletons
  5 iguanas
  Ijyb (D:5)
  11 worker ants
  A hound skeleton (D:6)
  3 worker ant zombies
  4 gnolls (D:8)
  2 howler monkey zombies
  13 adders
  3 river rats (Sewer)
  3 shadow imps
  An ufetubus (Abyss:1)
  An ooze (D:3)
  An adder zombie (D:9)
  2 adder skeletons (D:4)
  3 worms
  A dart slug (D:1)
  6 leopard geckos
  93 orcs
  7 ball pythons
  9 bats
  4 giant cockroaches
  2 hobgoblins
  11 jackals
  21 kobolds
  6 quokkas
  12 frilled lizards
  6 goblins
  A quokka zombie (D:7)
  17 rats
  A butterfly (D:10)
  A plant (Lair:3)
809 creatures vanquished.

Vanquished Creatures (collateral kills)
  A hydra (Lair:5)
  A spiny frog (Lair:6)
  A komodo dragon (Lair:6)
  2 orc warriors (Orc:1)
5 creatures vanquished.

Vanquished Creatures (others)
  An orc warlord (Orc:1)
  An orc knight (D:13)
  A molten gargoyle (Volcano)
  2 blink frogs (Lair:5)
  A shadow imp (D:13)
  2 orcs (D:4)
  A giant cockroach (D:4)
  6 fungi
  14 plants
29 creatures vanquished.

Grand Total: 843 creatures vanquished

Notes
Turn   | Place    | Note
-------+----------+-------------------------------------------
     0 | Abyss:1  | Ortigal the Demonspawn Abyssal Knight began the quest for
                  | the Orb.
     0 | Abyss:1  | Reached XP level 1. HP: 18/18 MP: 2/2
    18 | Abyss:1  | Found a corrupted altar of Lugonu.
    36 | D:1      | Escaped the Abyss
   144 | D:1      | Gained mutation: You sometimes gain a little power by
                  | taking damage. [demonic ancestry]
   144 | D:1      | Reached XP level 2. HP: 10/24 MP: 3/3
   336 | D:1      | Reached skill level 2 in Long Blades
   367 | D:1      | Reached ** piety under Lugonu
   794 | D:2      | Reached XP level 3. HP: 29/30 MP: 4/4
   799 | D:2      | Reached skill level 1 in Dodging
  1195 | D:2      | Found a faded altar of an unknown god.
  1279 | D:2      | Found an opulent altar of Gozag.
  1280 | D:2      | Found a sacrificial altar of Ru.
  1281 | D:2      | Found a glowing golden altar of the Shining One.
  1281 | D:2      | Found a shattered altar of Ashenzari.
  1282 | D:2      | Found a bloodstained altar of Trog.
  1282 | D:2      | Found an ornate altar of the Wu Jian Council.
  1789 | D:3      | Reached skill level 3 in Long Blades
  1789 | D:3      | Reached XP level 4. HP: 36/37 MP: 5/5
  2206 | D:4      | Noticed an ogre
  2282 | D:4      | Got a translucent great sword
  2283 | D:4      | Identified the +10 great sword of Gluttony {slice, Fragile
                  | rElec rPois} (You found it on level 4 of the Dungeon)
  2296 | D:4      | Gained mutation: You sometimes gain power by taking damage.
                  | [demonic ancestry]
  2296 | D:4      | Reached XP level 5. HP: 28/42 MP: 6/6
  2334 | D:4      | Noticed Blork the orc
  2347 | D:4      | Killed Blork the orc
  2347 | D:4      | Reached skill level 4 in Long Blades
  2353 | D:4      | Gained mutation: You are powered by pain. [demonic
                  | ancestry]
  2353 | D:4      | Reached XP level 6. HP: 29/48 MP: 7/7
  2536 | D:4      | Found a staircase to the Ecumenical Temple.
  2571 | D:4      | Reached *** piety under Lugonu
  2581 | D:4      | Reached skill level 5 in Long Blades
  2584 | D:4      | Noticed a slave
  2587 | D:4      | Noticed a slave
  2591 | D:4      | Noticed Pikel
  2610 | D:4      | Noticed a slave
  2621 | D:4      | Noticed a slave
  2623 | D:4      | Gained mutation: You are partially covered in thin metallic
                  | scales. (AC +2) [demonic ancestry]
  2623 | D:4      | Reached XP level 7. HP: 13/55 MP: 3/9
  2624 | D:4      | Killed Pikel
  2624 | D:4      | Reached skill level 6 in Long Blades
  3030 | D:4      | Gained mutation: You are immune to rotting. [demonic
                  | ancestry]
  3030 | D:4      | Reached XP level 8. HP: 55/61 MP: 10/10
  3139 | D:5      | Entered Level 5 of the Dungeon
  3154 | D:5      | Reached skill level 5 in Fighting
  3185 | D:5      | Found Fevvie's Gadget Shoppe.
  3200 | D:5      | Reached skill level 7 in Long Blades
  3336 | D:5      | Noticed Duvessa
  3336 | D:5      | Noticed Dowan
  3346 | D:5      | Killed Duvessa
  3352 | D:5      | Killed Dowan
  3413 | D:5      | Noticed Menkaure
  3438 | D:5      | Killed Menkaure
  3480 | D:5      | Reached skill level 8 in Long Blades
  3522 | D:5      | Got a twisted hunting sling
  3658 | D:5      | Noticed Ijyb
  3686 | D:5      | Killed Ijyb
  3828 | D:6      | Found Huom's Assorted Antiques.
  3833 | D:6      | Found a glowing drain.
  3843 | Sewer    | Entered a sewer
  3953 | Sewer    | Reached **** piety under Lugonu
  4184 | D:6      | Noticed Eustachio
  4190 | D:6      | Killed Eustachio
  4190 | D:6      | Reached XP level 9. HP: 69/69 MP: 12/12
  4344 | D:6      | Noticed Grinder
  4358 | D:6      | Killed Grinder
  4358 | D:6      | Reached skill level 9 in Long Blades
  4389 | D:6      | Noticed Edmund
  4401 | D:6      | Killed Edmund
  4676 | D:7      | Reached skill level 1 in Throwing
  4736 | D:7      | Reached skill level 5 in Armour
  4911 | D:7      | Reached skill level 1 in Stealth
  4960 | D:7      | Reached ***** piety under Lugonu
  4960 | D:7      | Reached skill level 10 in Long Blades
  5224 | D:7      | Found a burning altar of Makhleb.
  5447 | D:8      | Found the +5 robe of Night {Dark MR+ SInv}
  5452 | D:8      | Gained mutation: You may emit foul miasma when damaged in
                  | melee. [demonic ancestry]
  5452 | D:8      | Reached XP level 10. HP: 75/77 MP: 13/13
  5586 | D:8      | Learned a level 1 spell: Corona
  5589 | D:8      | Learned a level 2 spell: Slow
  5676 | D:8      | Found Faph's Food Emporium.
  5760 | D:8      | Found Lama's Magic Scroll Emporium.
  5768 | D:8      | Bought a scroll of fog for 26 gold pieces
  5768 | D:8      | Bought a scroll of identify for 26 gold pieces
  6031 | D:8      | Noticed Gastronok
  6038 | D:8      | Killed Gastronok
  6038 | D:8      | Reached skill level 11 in Long Blades
  6138 | D:9      | Got a transparent robe
  6153 | D:9      | Identified the cursed +0 robe of Uskayaw's Generosity
                  | {rElec Str+3} (You found it on level 9 of the Dungeon)
  6186 | D:9      | Found a shimmering blue altar of Sif Muna.
  6251 | D:9      | Noticed a manticore
  6259 | D:9      | Killed a manticore
  6399 | D:9      | Reached skill level 12 in Long Blades
  6434 | D:9      | Gained mutation: You are mostly covered in thin metallic
                  | scales. (AC +3) [demonic ancestry]
  6434 | D:9      | Reached XP level 11. HP: 79/85 MP: 14/14
  6523 | D:9      | Noticed a centaur warrior
  6530 | D:9      | Killed a centaur warrior
  6612 | D:9      | Noticed a four-headed hydra
  6630 | D:9      | Killed a five-headed hydra
  6650 | D:9      | Noticed a centaur warrior
  6661 | D:9      | Killed a centaur warrior
  6702 | D:9      | Noticed a five-headed hydra
  6721 | D:9      | Killed a five-headed hydra
  6721 | D:9      | Reached skill level 1 in Evocations
  7039 | D:9      | Identified a scroll of acquirement
  7040 | D:9      | Got a warped granite ring
  7042 | D:9      | Identified the ring "Zewarch" {rElec rN+ Str+4 Int+6} (You
                  | acquired it on level 9 of the Dungeon)
  7247 | D:9      | Reached skill level 13 in Long Blades
  7266 | D:9      | Found a staircase to the Orcish Mines.
  7358 | D:10     | Entered Level 10 of the Dungeon
  7377 | D:10     | Reached ****** piety under Lugonu
  7377 | D:10     | Reached skill level 1 in Hexes
  7500 | D:10     | Noticed an unseen horror
  7511 | D:10     | Killed an unseen horror
  7511 | D:10     | Reached skill level 1 in Spellcasting
  7524 | D:10     | Noticed an unseen horror
  7533 | D:10     | Killed an unseen horror
  7533 | D:10     | Reached XP level 12. HP: 93/95 MP: 15/15
  7557 | D:10     | Reached skill level 5 in Invocations
  8052 | Abyss:1  | Noticed an Executioner
  8053 | D:11     | Escaped the Abyss
  8150 | D:11     | Found a staircase to the Lair.
  8484 | D:11     | You fall into a shaft and drop 3 floors!
  8576 | D:13     | Found Ymissu Ylaol's Food Shoppe.
  8751 | D:12     | Noticed a death knight
  8764 | D:12     | Killed a death knight
  8786 | D:12     | Noticed Nergalle
  8792 | D:12     | Killed Nergalle
  9368 | D:11     | Escaped the Abyss
  9504 | D:12     | Reached skill level 14 in Long Blades
  9623 | D:12     | Gained mutation: Your spells are a little harder to cast,
                  | but a little more powerful. [potion of mutation]
  9623 | D:12     | Gained mutation: You have large cloven feet. [potion of
                  | mutation]
  9623 | D:12     | Gained mutation: You evolve. [potion of mutation]
  9998 | D:12     | Found a runed translucent gate.
 10001 | D:12     | Found a runed translucent gate.
 10002 | D:12     | Found a runed translucent gate.
 10003 | D:12     | Noticed Ortigal's ghost (journeyman DsAK)
 10679 | D:13     | Noticed a tengu warrior
 10686 | D:13     | Killed a tengu warrior
 10686 | D:13     | Reached XP level 13. HP: 70/103 MP: 17/17
 10741 | D:13     | Reached skill level 5 in Dodging
 10748 | D:13     | Reached skill level 10 in Fighting
 10750 | D:13     | HP: 5/103 [troll (1)]
 11146 | D:13     | Gained mutation: Your body sometimes deteriorates upon
                  | taking damage. [evolution]
 11935 | D:14     | Identified the cursed +0 mace "Ceggies" {crush, rF+}
 11951 | D:14     | Reached skill level 15 in Long Blades
 12006 | D:14     | Found a gate to the Vaults.
 12512 | Abyss:1  | Noticed an eidolon
 12513 | D:14     | Escaped the Abyss
 12548 | D:15     | Entered Level 15 of the Dungeon
 12656 | Lair:1   | Entered Level 1 of the Lair of Beasts
 12664 | Lair:1   | You fall into a shaft and drop 1 floor!
 12675 | Lair:2   | Found a staircase to the Shoals.
 12687 | Lair:2   | Learned a level 3 spell: Dazzling Spray
 14214 | Lair:2   | Found an ornate altar of the Wu Jian Council.
 14842 | Lair:3   | Gained mutation: You are frail. (-10% HP) [evolution]
 14939 | Lair:3   | Reached XP level 14. HP: 83/99 MP: 19/19
 15042 | Lair:3   | Found a hole to the Spider Nest.
 15136 | Lair:3   | Learned a level 2 spell: Call Imp
 16584 | Lair:4   | Reached skill level 1 in Summonings
 17152 | Lair:4   | Reached skill level 5 in Throwing
 17625 | Lair:5   | Got a jewelled hand axe
 18044 | Lair:5   | Found a viscous altar of Jiyva.
 18045 | Lair:5   | Found a staircase to the Slime Pits.
 18118 | Lair:5   | Gained mutation: You are resistant to electric shocks.
                  | (rElec) [evolution]
 18269 | Lair:6   | Entered Level 6 of the Lair of Beasts
 18319 | Lair:6   | Found a dark tunnel.
 18336 | Volcano  | Entered a volcano
 18682 | Volcano  | Found a bloodstained altar of Trog.
 18699 | Volcano  | Reached skill level 1 in Conjurations
 18808 | Volcano  | Reached skill level 16 in Long Blades
 20193 | Lair:6   | Found a runed translucent door.
 20210 | Lair:6   | Paralysed by a hornet for 1 turns
 20239 | Lair:6   | Reached skill level 5 in Spellcasting
 20246 | Lair:6   | Paralysed by a hornet for 1 turns
 20739 | Orc:1    | Entered Level 1 of the Orcish Mines
 20862 | Orc:1    | Noticed an orc warlord
 20866 | Orc:1    | Banished an orc warlord
 20868 | Orc:1    | Found Ephuyzuy's Antique Armour Boutique.
 20868 | Orc:1    | Noticed Fannar
 20876 | Orc:1    | Killed Fannar
 21024 | Orc:2    | Entered Level 2 of the Orcish Mines
 21079 | Orc:2    | Reached XP level 15. HP: 46/108 MP: 22/22
 21250 | Orc:2    | Found Puschi Wuine's Book Shop.
 21340 | Orc:2    | Found a roughly hewn altar of Beogh.
 21441 | Orc:2    | Found a staircase to the Elven Halls.
 21665 | Abyss:1  | Noticed a bone dragon
 21670 | Orc:2    | Escaped the Abyss
 21673 | Orc:2    | Noticed Maurice
 21784 | Orc:2    | Killed Maurice
 21972 | Orc:2    | Found Rexotwene's Weapon Shop.
 21973 | Orc:2    | Found Deg Umex's Food Boutique.
 21974 | Orc:2    | Found Nany's Weapon Boutique.
 21976 | Orc:2    | Found Uxzet's Weapon Shop.
 22358 | Orc:1    | Gained mutation: You are agile. (Dex +2) [evolution]
 22644 | D:12     | Killed Ortigal's ghost
 22834 | D:15     | Paralysed by a floating eye for 3 turns
 22844 | D:15     | Noticed a frost giant
 22850 | D:15     | Killed a frost giant
 22850 | D:15     | Reached skill level 5 in Stealth
 22897 | D:15     | Got a faintly glowing bronze ring
 22901 | D:15     | Identified the ring of Yhamawn {Str+4 Int+3 Dex+2} (You
                  | found it on level 15 of the Dungeon)
 22968 | D:15     | Reached skill level 17 in Long Blades
 23008 | D:15     | Found a staircase to the Depths.
 23060 | D:15     | Got a transparent glass ring
 23062 | D:15     | Identified the ring "Xezaxutu" {*Drain rF+ MR+ EV+1} (You
                  | found it on level 15 of the Dungeon)
 23263 | Abyss:1  | Killed from afar by a hellion

Levels and vault maps discovered:
D:1:      dpeg_arrival_stone_temple_mockup, layout_loops_ring, minivault_23
D:2:      layout_basic, grunt_temple_overflow_open, serial_corexii_hall,
          corexii_hall_statues_t, corexii_hall_statues_x,
          chequers_ecumenical_altar_simple_redux, hangedman_decor_growths
D:3:      layout_rooms, first_ration
D:4:      layout_loops_ring, minmay_temple_entry_mini_moons, uniq_blork_the_orc,
          uniq_pikel
D:5:      layout_loops_cross, serial_shops, shop_statue, minmay_misc_feat_roman,
          uniq_menkaure, uniq_duvessa, uniq_ijyb
D:6:      layout_rooms, serial_shops, nicolae_shop_behind_doors,
          cheibrodos_sewer_entry_drain, hangedman_decor_opposing,
          uniq_eustachio, uniq_edmund, uniq_grinder
D:7:      layout_basic, basic_altar
D:8:      layout_layer_cave, serial_shops, shop, nicolae_shop_statue_plus,
          uniq_gastronok
D:9:      minmay_the_grid_3x3 [minmay_the_grid_garden, minmay_the_grid_embedded,
          minmay_the_grid_empty, minmay_the_grid_expand, minmay_the_grid_eight,
          minmay_the_grid_small_cups, minmay_the_grid_tree,
          minmay_the_grid_aliased_spiral, minmay_the_grid_prize_four_corners],
          layout_stronghold, david_orc_4, basic_altar, grunt_livestock
D:10:     layout_rooms, hangedman_glass_garden, minmay_misc_feat_square
D:11:     layout_loops_corners, lair_entry_dummy
D:12:     layout_big_octagon, gammafunk_ghost_nasty_kobolds, uniq_nergalle
D:13:     layout_basic, special_room [special_room_orc], serial_shops,
          nicolae_shop_trees
D:14:     layout_loops_corners, hangedman_vaults_entry_quadrant_bands
D:15:     hangedman_spin_cycle
Lair:1:   layout_long_grid, grunt_megastairs_5
Lair:2:   layout_roguey, elwin_shoals_entry_rocks, lemuel_centaur_altar,
          lemuel_fruit_fields, minmay_lair_oklob_chamber
Lair:3:   layout_hall_layers, dummy_spider_entry, serial_rivers,
          chequers_serial_rivers_micro_b, chequers_serial_rivers_small_3,
          chequers_serial_rivers_small_3, chequers_serial_rivers_large_b,
          chequers_serial_rivers_micro_e, minmay_lair_oklob_items,
          cheibrodos_lair_caveside_slide
Lair:4:   layout_cave_pods
Lair:5:   layout_regular_city, dpeg_slime_entry_enclosed_altar,
          serial_bayou_shore_a, lemuel_fruit_fields
Lair:6:   guppyfry_lair_end_dragon, layout_cave_pods, wormcave, enter_volcano_2
Orc:1:    layout_caves, serial_shops, nicolae_shop_trees, uniq_fannar
Orc:2:    st_orc_mages, layout_caves, serial_shops, shop_fountains, basic_altar,
          uniq_maurice
Abyss:1:  bh_abyss_xom_lugonu_altar, base: D:4, minivault_4, base: D:10,
          evilmike_abyss_exit_kraken, minivault_20, base: D:5, base: D:4, base:
Lair:5

Skill      XL: |  1  2  3  4  5  6  7  8  9 10 11 12 13 14 15 |
---------------+----------------------------------------------+-----
Long Blades    | 2 3 4 5 6 8 10 12 13 14 15 16 17 | 17.1
Armour         | 2 3 4 5 |  5.7
Dodging        | 1 2 3 4 6 7 |  7.8
Fighting       | 4 5 6 7 9 10 11 12 | 12.3
Invocations    | 3 4 6 7 |  7.7
Throwing       | 1 3 4 5 |  5.7
Stealth        | 1 2 3 4 5 |  5.4
Evocations     | 1 |  1.9
Hexes          | 1 2 3 |  3.2
Spellcasting   | 1 2 3 5 |  5.2
Summonings     | 3 |  3.6
Conjurations   | 1 |  1.2
Unarmed Combat | |  0.2

Action                   |  1- 3 |  4- 6 |  7- 9 | 10-12 | 13-15 || total
-------------------------+-------+-------+-------+-------+-------++-------
Melee: Falchion          |   148 |    83 |       |       |       ||   231
       Great sword       |       |    44 |   231 |   502 |   840 ||  1617
       Unarmed           |       |       |    12 |       |       ||    12
Throw: Dart              |       |     2 |     1 |       |     1 ||     4
       Boomerang         |       |       |       |    73 |   187 ||   260
       Throwing net      |       |       |       |     1 |       ||     1
 Cast: Corona            |       |       |       |    24 |    21 ||    45
       Slow              |       |       |       |     1 |       ||     1
       Dazzling Spray    |       |       |       |       |    26 ||    26
       Call Imp          |       |       |       |       |    71 ||    71
Invok: Bend Space        |       |     5 |       |    14 |    11 ||    30
       Banish            |       |       |       |     2 |     3 ||     5
       Enter the Abyss   |       |       |       |     2 |     3 ||     5
       Depart the Abyss  |       |       |       |     2 |     2 ||     4
Evoke: Wand              |       |       |       |    17 |     5 ||    22
       Phantom mirror    |       |       |       |       |     1 ||     1
       Phial of floods   |       |       |       |       |     1 ||     1
  Use: Potion            |       |     3 |       |    17 |    15 ||    35
       Scroll            |       |       |     2 |    11 |    13 ||    26
 Stab: Invisible         |       |       |     1 |     4 |     2 ||     7
       Sleeping          |       |       |       |     3 |    19 ||    22
       Distracted        |       |       |       |       |     3 ||     3
  Eat: Chunk             |     3 |     3 |    11 |    21 |    43 ||    81
       Ration            |       |       |     1 |       |     2 ||     3
Armor: Leather armour    |    22 |       |       |       |       ||    22
       Chain mail        |    64 |       |   134 |    13 |       ||   211
       Plate armour      |    12 |   115 |    26 |       |       ||   153
       Skin              |       |    10 |    10 |       |       ||    20
       Robe              |       |       |       |   236 |   281 ||   517
Dodge: Dodged            |    54 |    25 |    72 |   348 |   528 ||  1027
       Rpst.: Falchion   |    21 |     4 |       |       |       ||    25
       Great sword       |       |     3 |    23 |    96 |   136 ||   258
